 Dungeon Crawl Stone Soup version 0.29-a0-393-g47a863cc1b (webtiles) character file.

Game seed: 1242580565178444073

338 Querens the Conjurer (level 6, -4/32 HPs)
             Began as a Deep Elf Conjurer on May 10, 2022.
             Slain by Duvessa
             ... wielding a +0 short sword
              (6 damage)
             ... on level 4 of the Dungeon.
             The game lasted 00:09:59 (2179 turns).

Querens the Conjurer (Deep Elf Conjurer)            Turns: 2179, Time: 00:09:59

Health: -4/32      AC:  7    Str:  6    XL:     6   Next: 29%
Magic:  3/17       EV: 11    Int: 25    God:
Gold:   192        SH:  0    Dex: 13    Spells: 6/17 levels left

rFire   + . .      SeeInvis .   i - staff of conjuration
rCold   . . .      Faith    .   (no shield)
rNeg    + . .      Spirit   .   l - +3 leather armour
rPois   .          Reflect  .   (no helmet)
rElec   .          Harm     .   (no cloak)
rCorr   .          Rampage  .   c - +0 pair of gloves
Will    .....                   (no boots)
Stlth   ++........              (no amulet)
HPRegen 0.10/turn               n - ring of positive energy
MPRegen 0.15/turn               (no ring)

@: about to teleport
A: fire resistance 1, mutation resistance 1, strong 1
a: no special abilities


You were on level 4 of the Dungeon.
You visited 1 branch of the dungeon, and saw 4 of its levels.

You collected 192 gold pieces.

Inventory:

Hand Weapons
 j - a +1 short sword of electrocution
Armour
 c - a +0 pair of gloves (worn)
 k - the +1 robe of a Labyrinth {Rampage rElec rF+ Stlth-}
   (You found it on level 2 of the Dungeon)

   rF:        It protects you from fire.
   rElec:     It insulates you from electricity.
   Rampage:   It bestows one free step when moving towards enemies.
   Stlth:     It makes you less stealthy.
 l - a +3 leather armour (worn)
Magical Staves
 i - a staff of conjuration (weapon)
Jewellery
 n - a ring of positive energy (left hand)
Scrolls
 a - a scroll of fear {unknown}
 d - a scroll of immolation {unknown}
 e - 2 scrolls of vulnerability {unknown}
 f - 2 scrolls of teleportation
 g - a scroll of poison {unknown}
Potions
 b - a potion of magic
 h - 3 potions of attraction
 m - a potion of flight


   Skills:
 - Level 2.4 Dodging
 - Level 2.4 Stealth
 + Level 6.1 Spellcasting
 + Level 6.3 Conjurations
 + Level 2.7 Translocations


You had 6 spell levels left.
You knew the following spells:

 Your Spells              Type           Power      Damage    Failure   Level
a - Magic Dart            Conj           100%       1d8       1%          1
b - Searing Ray           Conj           100%       2d8       1%          2
c - Iskenderun's Mystic   Conj/Tloc      45%        2d10      19%         4
d - Fulminant Prism       Conj/Hex       17%        3d11      30%         4

Your spell library contained the following spells:

 Spells                   Type           Power      Damage    Failure   Level
 Dazzling Flash           Conj/Hex       70%        N/A       10%         3
 Animate Skeleton         Necr           14%        N/A       12%         1
 Pain                     Necr           28%        1d5       12%         1
 Sting                    Tmut/Pois      28%        1d4       12%         1
 Poisonous Vapours        Pois/Air       14%        N/A       17%         2
 Vampiric Draining        Necr           7%         2d6       34%         3
 Olgreb's Toxic Radiance  Pois           7%         N/A       75%         4


Dungeon Overview and Level Annotations

Branches:
Dungeon (4/15)
 Temple: D:4-7

Altars:

Annotations:
D:4 Duvessa


Innate Abilities, Weirdness & Mutations

Your flesh is heat resistant. (rF+)
You are somewhat resistant to further mutation.
Your muscles are strong. (Str +2)


Message History

The searing ray hits Duvessa but does no damage.
Duvessa is moderately wounded.
The searing ray misses Duvessa.
Duvessa hits you but does no damage.
The searing ray hits Duvessa but does no damage.
Duvessa is moderately wounded.
The searing ray hits Dowan!
You kill Dowan!
Duvessa screams, "No!
How DARE you!"
Duvessa goes berserk!
You finish channelling your searing ray.
Duvessa barely misses you.
Unknown command.
Unknown command.
Casting: Searing Ray (safe; 1% risk of failure)
Confirm with . or Enter, or press ? or * to list all spells.
Aiming: Searing Ray (safe; 1% risk of failure)
Press: ? - help, Shift-Dir - straight line, f/p - Duvessa
Aim: Duvessa, wielding a +0 short sword and wearing a +3 leather armour of cold resistance (moderately wounded, berserk, 85% to hit)
You feel a surge of power!
The searing ray hits Duvessa but does no damage.
Duvessa is moderately wounded. (Press . to maintain the ray.) Duvessa closely misses you.
Duvessa completely misses you.
Unknown command.
The searing ray hits Duvessa but does no damage.
Duvessa is moderately wounded.
Duvessa hits you with a +0 short sword!
The searing ray hits Duvessa but does no damage.
Duvessa is moderately wounded.
Duvessa hits you with a +0 short sword!
Ouch! That really hurt!
* * * LOW HITPOINT WARNING * * *
Duvessa closely misses you.
Unknown command.
Unknown command.
Okay, then.
As you read the scroll labelled AVAC ZA CICS, it crumbles to dust.
You feel strangely unstable.
It was a scroll of teleportation.
Duvessa hits you with a +0 short sword.
You die...

#########.
###e........
#..>.)......
#)#####..... #
#e# ##+#####.#
#@# #........#
#.####.....#
#....'.....#
######.....#
#.....#
######.#
#...##.#
####.#.##.####
#....#.......#


You could see Duvessa (berserk).

Vanquished Creatures
  Dowan (D:4)
  A howler monkey (D:4)
  A hound (D:4)
  A gnoll shaman (D:4)
  Terence (D:3)
  An iguana (D:4)
  5 gnolls (D:4)
  An adder (D:2)
  5 worms (D:3)
  4 dart slugs
  6 endoplasms
  4 giant cockroaches
  10 goblins
  6 hobgoblins
  A jackal (D:1)
  2 quokkas (D:1)
  3 ball pythons
  6 bats
  2 frilled lizards (D:1)
  7 kobolds
  4 rats
72 creatures vanquished.

Notes
Turn   | Place    | Note
-------+----------+-------------------------------------------
     0 | D:1      | Querens the Deep Elf Conjurer began the quest for the Orb.
     0 | D:1      | Reached XP level 1. HP: 10/10 MP: 6/6
   112 | D:1      | Reached XP level 2. HP: 5/15 MP: 1/8
   421 | D:1      | Learned a level 2 spell: Searing Ray
   436 | D:1      | Reached skill level 5 in Conjurations
   445 | D:1      | Reached XP level 3. HP: 18/19 MP: 1/10
   943 | D:2      | Identified the +1 robe of a Labyrinth {Rampage rElec rF+
                  | Stlth-}
  1034 | D:3      | Found a faded altar of an unknown god.
  1262 | D:3      | Reached XP level 4. HP: 24/24 MP: 6/12
  1476 | D:3      | Learned a level 4 spell: Iskenderun's Mystic Blast
  1481 | D:3      | Learned a level 4 spell: Fulminant Prism
  1510 | D:3      | Noticed Terence
  1527 | D:3      | Gained mutation: Your flesh is heat resistant. (rF+)
                  | [potion of mutation]
  1527 | D:3      | Gained mutation: Your muscles are strong. (Str +2) [potion
                  | of mutation]
  1527 | D:3      | Gained mutation: You are somewhat resistant to further
                  | mutation. [potion of mutation]
  1540 | D:3      | Killed Terence
  1541 | D:3      | Reached skill level 5 in Spellcasting
  1979 | D:4      | Reached skill level 1 in Translocations
  1980 | D:4      | Reached XP level 5. HP: 28/28 MP: 9/14
  2045 | D:4      | Reached XP level 6. HP: 32/32 MP: 5/16
  2061 | D:4      | Noticed an ice beast
  2159 | D:4      | Noticed Dowan
  2161 | D:4      | Noticed Duvessa
  2175 | D:4      | Killed Dowan
  2179 | D:4      | Slain by Duvessa

Illustrated notes

Levels and vault maps discovered:
D:1:      dpeg_arrival_subterranean_lakeside_camping, layout_loops_ring,
          minmay_tromino_mix6
D:2:      layout_loops_cross, chequers_serial_rivers_micro_c, corexii_shack,
          minmay_crystal_room, dk_noncrumbling_4
D:3:      layout_basic, nicolae_ecumenical_pavilion,
          dreamdust_mushroom_princess, nicolae_wormholes, uniq_terence
D:4:      layout_basic, uniq_duvessa

Skill      XL: |  1  2  3  4  5  6 |
---------------+-------------------+-----
Spellcasting   | 4 5 6 |  6.1
Conjurations   | 5 6 |  6.3
Translocations | 1 2 |  2.7
Dodging        | |  2.4
Stealth        | |  2.4

Action                   |  1- 3 |  4- 6 || total
-------------------------+-------+-------++-------
Melee: Unarmed           |     1 |       ||     1
       Staff             |     5 |     6 ||    11
 Cast: Magic Dart        |    64 |    11 ||    75
       Searing Ray       |     7 |    18 ||    25
  Use: Potion            |       |     4 ||     4
       Scroll            |       |     1 ||     1
Armor: Robe              |     7 |       ||     7
       Leather armour    |       |     8 ||     8
Dodge: Dodged            |    13 |    15 ||    28

Table legend: (Time is in decaauts)
 A = Elapsed time spent in this place.
 B = Non-inter-level travel time spent in this place.
 C = Inter-level travel time spent in this place.
 D = Time resting spent in this place.
 E = Time spent auto-exploring this place.
 F = Levels seen in this place.
 G = Mean time per level.
                   A        B        C        D        E       F      G
               +--------+--------+--------+--------+--------+-----+--------+
         Total |   2182 |   2025 |    157 |      5 |      0 |   4 |  545.5 |
       Dungeon |   2182 |   2025 |    157 |      5 |      0 |   4 |  545.5 |
               +--------+--------+--------+--------+--------+-----+--------+

Top non-repeatable levels by time:
     D:3: 907 daAuts
     D:1: 562 daAuts
     D:2: 474 daAuts
     D:4: 237 daAuts
